 Dungeon Crawl Stone Soup version 0.31-a0-703-gcfe89afef6 (webtiles) character file.

Game seed: 16349195407930371390

807 Shayle the Fighter (level 7, -2/65 (80) HPs)
             Began as an Ogre Shapeshifter on Sept 8, 2023.
             Was an Initiate of Ashenzari.
             Slain by a wight
             ... wielding a +1 hand axe
              (3 damage)
             ... on level 6 of the Dungeon on Sept 9, 2023.
             The game lasted 00:17:54 (6141 turns).

Shayle the Fighter (Ogre Shapeshifter)              Turns: 6141, Time: 00:17:54

HP:   -2/65 (80)    AC:  3    Str: 19    XL:     7   Next: 92%
MP:   0/16          EV:  9    Int: 13    God:    Ashenzari [......]
Gold: 337           SH:  0    Dex:  8    Spells: 18/18 levels left

rFire   + .          .
                       - Unarmed
rCold   . . .        (no shield)
rNeg    . . .        a - +0 animal skin
rPois   .            (helmet currently unavailable)
rElec   .            (cloak currently unavailable)
rCorr   +            (gloves unavailable)
SInv    .            (boots unavailable)
Will    .....        q - amulet of guardian spirit
Stlth   +            r - ring of protection from fire
HPRegen 0.30/turn    e - ring of resist corrosion
MPRegen 0.15/turn

%: guardian spirit
@: beast-form, heavily drained
A: beast (slay +1), large, unfitting armour, tough skin 1
a: Begin Untransformation, Renounce Religion, Curse Item


You were on level 6 of the Dungeon.
You worshipped Ashenzari.
Ashenzari was noncommittal.
You were a hulking beast.
You visited 1 branch of the dungeon, and saw 6 of its levels.

You collected 337 gold pieces.

Inventory:

Armour
 a - a +0 animal skin (worn)
Jewellery
 e - a ring of resist corrosion (right hand)
 f - a +5 ring of evasion
 q - an amulet of guardian spirit (around neck)
 r - a ring of protection from fire (left hand)
Talismans
 c - a beast talisman (active)
 d - a flux talisman
Scrolls
 h - 5 scrolls of teleportation
 i - a scroll of enchant weapon
 j - a scroll of acquirement {unknown}
 k - a scroll of vulnerability
 l - a scroll of torment {unknown}
 o - a scroll of summoning {unknown}
Potions
 b - 2 potions of attraction
 g - a potion of curing
 m - a potion of mutation {unknown}
 n - a potion of might {unknown}
 p - a potion of brilliance {unknown}
 s - 2 potions of haste
 t - 2 potions of degeneration


   Skills:
 + Level 8.0 Fighting
 - Level 1.7 Dodging
 - Level 2.6 Unarmed Combat
 + Level 6.4 Spellcasting
 - Level 3.0 Shapeshifting


You had 18 spell levels left.
You didn't know any spells.
Your spell library contained the following spells:

 Spells                   Type           Power      Damage    Failure   Level
 Summon Small Mammal      Summ           16%        N/A       16%         1
 Blink                    Tloc           8%         N/A       24%         2
 Cigotuvi's Dreadful Rot  Necr/Pois/Air  8%         N/A       24%         2
 Wereblood                Tmut           4%         N/A       24%         2
 Call Canine Familiar     Summ           4%         N/A       43%         3
 Ignite Poison            Fire/Tmut/Pois 4%         N/A       43%         3
 Inner Flame              Hex/Fire       4%         N/A       43%         3
 Summon Guardian Golem    Hex/Summ       4%         N/A       43%         3
 Flame Wave               Conj/Fire      4%         2d5       85%         4
 Manifold Assault         Tloc           4%         N/A       85%         4
 Sticky Flame             Conj/Fire      4%         2d3       85%         4
 Freezing Cloud           Conj/Ice/Air   2%         6-21      99%         5
 Irradiate                Conj/Tmut      2%         3d12      99%         5


Dungeon Overview and Level Annotations

Branches:
Dungeon (6/15)
 Temple: D:4-7

Altars:
Ashenzari
Fedhas
Gozag
Hepliaklqana
Makhleb
Nemelex Xobeh
Ru
Vehumet
Xom
Yredelemnul
The Shining One

Shops:
D:3 :   D:4 :

Annotations:
D:4 2 transporters, bungle's ghost, amateur OpSh


Innate Abilities, Weirdness & Mutations

You are a hulking beast.
Your limbs bulge with bestial killing power. (Slay +1)
You are too large for most types of armour.
You have tough skin. (AC +1)


Message History

The wight closely misses you. The orc priest hits you with a +0 club.
You hit the orc priest.
The orc priest is severely wounded.
The wight hits you with a +0 great sword.
You feel drained.
The orc priest hits you but does no damage.
You hit the orc priest but do no damage.
The orc priest is severely wounded.
The wight hits you with a +0 great sword!
You feel drained.
The orc priest miscasts a cantrip.
You barely miss the orc priest.
The orc priest is severely wounded.
The wight hits you with a +0 great sword.
The orc wizard gestures wildly while chanting.
The orc wizard flickers and vanishes!
Deactivating autopickup; reactivate with Ctrl-A.
The orc priest hits you with a +0 club.
You hit the orc priest.
The orc priest is almost dead.
A wight comes into view. It is wielding a +1 hand axe.
The orc priest hits you with a +0 club.
Unknown command.
You hit the orc priest.
You kill the orc priest!
The wight hits you with a +0 great sword.
The wight hits you with a +1 hand axe.
You feel drained.
The orc wizard points at you and mumbles some strange words.
The magic dart hits something!
Your Fighting skill increases to level 8!
The wight hits you with a +0 great sword!
* * * LOW HITPOINT WARNING * * *
You feel drained.
* * * LOW HITPOINT WARNING * * *
Something hits you.
* * * LOW HITPOINT WARNING * * *
The wight attacks as it pursues you! The wight hits you with a +1 hand axe!
* * * LOW HITPOINT WARNING * * *
You feel drained.
You die...

####............#
.... .........# ....
###.###.# .#.. ##.#
#.## ... ####J.# #..#
..# #....## ##.##..#
#.#### #.....#
######.# ##.z####
##......## ####)hz..#
#........###....#{#)#
.............####)#.#
..........#### oo#.#
........[.# #.##.#
............. .J #.#
..........### ... ...
#........## ... #..
#........# #... ###


You could see 2 wights and an orc.

Vanquished Creatures
  A kobold brigand (D:6)
  A phantom (D:5)
  A scorpion (D:5)
  3 orc priests
  A sleepcap (D:4)
  2 iguanas
  A jelly (D:6)
  Terence (D:2)
  Jessica (D:2)
  4 orc wizards
  Natasha (thrice) (D:3)
  A hound skeleton (D:2)
  4 adders
  3 adder zombies (D:2)
  2 adder skeletons (D:2)
  4 worms
  A dart slug (D:1)
  13 orcs
  A bat skeleton (D:2)
  A bat zombie (D:2)
  6 endoplasms
  2 giant cockroaches
  7 goblins
  10 hobgoblins
  2 jackals (D:2)
  12 kobolds
  2 quokkas
  4 ball pythons
  2 ball python skeletons (D:2)
  2 ball python zombies (D:2)
  7 bats
  4 frilled lizards
  A giant cockroach zombie (D:2)
  A jackal skeleton (D:2)
  3 rats
114 creatures vanquished.

Notes
Turn   | Place    | Note
-------+----------+-------------------------------------------
     0 | D:1      | Shayle the Ogre Shapeshifter began the quest for the Orb.
     0 | D:1      | Reached XP level 1. HP: 19/19 MP: 1/1
   120 | D:1      | Reached skill level 2 in Fighting
   120 | D:1      | Reached skill level 1 in Spellcasting
   125 | D:1      | Reached XP level 2. HP: 23/28 MP: 3/3
   457 | D:1      | Reached XP level 3. HP: 36/36 MP: 5/5
   846 | D:2      | Reached skill level 3 in Fighting
  1091 | D:2      | Reached XP level 4. HP: 38/46 MP: 7/7
  1293 | D:2      | Noticed Terence
  1312 | D:2      | Killed Terence
  1313 | D:2      | Reached skill level 4 in Fighting
  1422 | D:2      | Noticed Jessica
  1427 | D:2      | Killed Jessica
  1428 | D:2      | Reached XP level 5. HP: 52/55 MP: 8/10
  1962 | D:3      | Noticed Natasha
  2007 | D:3      | Killed Natasha
  2008 | D:3      | Reached skill level 5 in Fighting
  2085 | D:3      | Found an opulent altar of Gozag.
  2086 | D:3      | Found a burning altar of Makhleb.
  2092 | D:3      | Noticed Natasha
  2098 | D:3      | Killed Natasha
  2099 | D:3      | Reached XP level 6. HP: 48/66 MP: 12/12
  2200 | D:3      | Found Hecos's Book Emporium.
  2202 | D:3      | Found a broken altar of Ashenzari.
  2219 | D:3      | Found a sacrificial altar of Ru.
  2235 | D:3      | Became a worshipper of Ashenzari the Shackled
  2455 | D:3      | Found a radiant altar of Vehumet.
  2467 | D:3      | Noticed Natasha
  2492 | D:3      | Killed Natasha
  3071 | D:3      | Found a basalt altar of Yredelemnul.
  3074 | D:3      | Found a shimmering altar of Xom.
  3076 | D:3      | Found a glowing golden altar of the Shining One.
  3076 | D:3      | Found a blossoming altar of Fedhas.
  3079 | D:3      | Found a sparkling altar of Nemelex Xobeh.
  3552 | D:4      | Reached skill level 6 in Fighting
  3667 | D:5      | Entered Level 5 of the Dungeon
  3698 | D:4      | Found a transporter.
  3708 | D:4      | Noticed bungle's ghost (amateur OpSh)
  3778 | D:4      | Found Ataschus's Book Shoppe.
  3817 | D:4      | Found a transporter.
  3822 | D:4      | Noticed a sky beast
  4309 | D:5      | Reached skill level 5 in Spellcasting
  4309 | D:5      | Reached XP level 7. HP: 44/76 MP: 8/14
  4761 | D:5      | Found a hazy altar of Hepliaklqana.
  4855 | D:5      | Reached skill level 7 in Fighting
  6141 | D:6      | Reached skill level 8 in Fighting
  6141 | D:6      | HP: 1/67 [wight/+1 hand axe (10)]
  6141 | D:6      | Slain by a wight

Illustrated notes

Levels and vault maps discovered:
D:1:      lemuel_arrival_muddy, layout_basic, nicolae_kite_square_tiling_tiny,
          nicolae_houndstooth_variations
D:2:      layout_basic, serial_undead, serial_undead_d, serial_undead_e,
          serial_undead_a, serial_undead_a, serial_undead_c, serial_undead_c,
          serial_undead_e, uniq_terence, uniq_jessica
D:3:      layout_basic, mainiacjoe_overflow_brackets, minitemple,
          mainiacjoe_overflow_divided_tiny,
          mainiacjoe_overflow_concentric_impassable, lemuel_round_altar,
          serial_shops, nicolae_shop_hallway_plus, minmay_bisected, uniq_natasha
D:4:      layout_loops_cross, gammafunk_ghost_arena, serial_shops,
          nicolae_shop_window_shopping, moated_statue
D:5:      layout_basic, old_standard_altar, serial_bayou, serial_bayou_ford_a,
          serial_bayou_shore_b, serial_bayou_lagoon_a, serial_bayou_shore_b
D:6:      layout_rooms, nicolae_kikubaaqudgha_miasma_corner,
          lemuel_temple_firewalk_b, fountainhead

Skill      XL: |  1  2  3  4  5  6  7 |
---------------+----------------------+-----
Fighting       | 2 3 4 5 6 8 |  8.0
Spellcasting   | 1 2 3 4 5 6 |  6.4
Dodging        | |  1.7
Unarmed Combat | |  2.6
Shapeshifting  | |  3.0

Action                     |  1- 3 |  4- 6 |  7- 9 || total
---------------------------+-------+-------+-------++-------
  Melee: Unarmed           |   134 |   289 |   154 ||   577
         Punch             |     3 |     3 |     4 ||    10
    Use: Scroll            |       |     7 |     1 ||     8
         Potion            |       |     2 |     3 ||     5
 Armour: Animal skin       |    82 |   189 |   132 ||   403
         Skin              |       |    37 |       ||    37
  Dodge: Dodged            |    53 |   115 |    58 ||   226

Table legend: (Time is in decaauts)
 A = Elapsed time spent in this place.
 B = Non-inter-level travel time spent in this place.
 C = Inter-level travel time spent in this place.
 D = Time resting spent in this place.
 E = Time spent auto-exploring this place.
 F = Levels seen in this place.
 G = Mean time per level.
                   A        B        C        D        E       F      G
               +--------+--------+--------+--------+--------+-----+--------+
         Total |   6115 |   5852 |    263 |    953 |   3467 |   6 | 1019.2 |
       Dungeon |   6115 |   5852 |    263 |    953 |   3467 |   6 | 1019.2 |
               +--------+--------+--------+--------+--------+-----+--------+

Top non-repeatable levels by time:
     D:5: 1476 daAuts
     D:3: 1281 daAuts
     D:4: 1102 daAuts
     D:2: 1034 daAuts
     D:1: 839 daAuts
     D:6: 380 daAuts
